 Dungeon Crawl Stone Soup version 0.14.2 (webtiles) character file.

276 dngmouse the Vexing (level 4, 0/22 HPs)
             Began as a Spriggan Arcane Marksman on May 31, 2015.
             Killed by divine providence
             ... invoked by an orc priest
              (16 damage)
             ... on Level 3 of the Dungeon.
             The game lasted 00:19:17 (2226 turns).

dngmouse the Vexing (Spriggan Arcane Marksman)      Turns: 2226, Time: 00:19:17

HP   0/22        AC  2     Str  7      XL: 4   Next: 84%
MP   3/10        EV 19     Int 15      God:
Gold 150         SH  0     Dex 15      Spells:  2 memorised,  1 level left

rFire  . . .     SeeInvis +     b - +0 bow
rCold  . . .     Clarity  .     h - +0 robe
rNeg   . . .     Conserve .     (shield restricted)
rPois  .         rCorr    .     (helmet restricted)
rElec  .         rRot     .     (no cloak)
SustAb . .       Spirit   .     (gloves unavailable)
rMut   .         Warding  .     (boots unavailable)
Saprov . . .     Rnd*Tele +     (no amulet)
MR     .....                    p - cursed ring of teleportation
                                k - ring of wizardry

@: very quick, not resistant to hostile enchantments, unstealthy
A: unfitting armour, see invisible, herbivore 3, speed 3, slow metabolism 2
a: Evoke Teleportation


You were on level 3 of the Dungeon.
You were not hungry.

You visited 1 branch of the dungeon, and saw 3 of its levels.

You collected 150 gold pieces.

Inventory:

Hand weapons
 a - a +0,+0 short sword
 b - a +0,+0 bow (weapon)
Missiles
 c - 72 arrows (quivered)
Armour
 h - a +0 robe (worn)
Comestibles
 f - 2 bread rations
Scrolls
 g - 3 scrolls of identify {unknown}
 i - a scroll of fog {unknown}
 j - 2 scrolls of remove curse {unknown}
 n - a scroll of magic mapping {unknown}
Jewellery
 k - a ring of wizardry (left hand)
 p - a cursed ring of teleportation (right hand)
Potions
 e - a potion of porridge
 l - a potion of degeneration {unknown}
 m - 3 potions of curing {unknown}
 o - a potion of poison {unknown}
Books
 d - a book of Debilitation

   Spells                             Type                      Level
   *Corona                            Hexes                        1
   Slow                               Hexes                        2
   *Inner Flame                       Hexes/Fire                   3
   Enslavement                        Hexes                        4
   Cause Fear                         Hexes                        4
   Leda's Liquefaction                Hexes/Earth                  4


   Skills:
 + Level 1.5 Fighting
 * Level 3.9 Bows
 + Level 4.4 Dodging
 - Level 1.3 Spellcasting
 * Level 4.7 Hexes


You had one spell level left.
You knew the following spells:

 Your Spells              Type           Power        Failure   Level  Hunger
a - Corona                Hex            ###....      1%          1    ##.....
b - Inner Flame           Hex/Fire       #.......     12%         3    ####...


Dungeon Overview and Level Annotations

Branches:
Dungeon (3/15)

Altars:


Innate Abilities, Weirdness & Mutations

You are tiny and cannot use many weapons and most armour.
You have supernaturally acute eyesight.
You are a herbivore.
You cover ground extremely quickly.
You need consume almost no food.


Message History

Press: ? - help, Shift-Dir - straight line, f/p - orc
Aim: an orc, wielding a dagger and wearing a ring mail You shoot an arrow.
The arrow hits the orc.
The orc is heavily wounded.
The orc priest calls upon Beogh to heal the orc.
The orc's wounds heal themselves!
Firing (i - inventory):
c - 74 arrows (quivered)
Press: ? - help, Shift-Dir - straight line, f/p - orc
Aim: an orc, wielding a dagger and wearing a ring mail You shoot an arrow.
The arrow hits the orc.
The orc is heavily wounded.
Firing (i - inventory):
c - 73 arrows (quivered)
Press: ? - help, Shift-Dir - straight line, f/p - orc
Aim: an orc, wielding a dagger and wearing a ring mail (heavily wounded)
You shoot an arrow. The arrow misses the orc.
The arrow hits the orc priest.
The orc closely misses you.
The orc priest invokes the aid of Beogh against you.
Something smites you!
Ouch! That really hurt!
You die...

####### #..# #.
#.....######..#####.
#.<.............##.
#######.##..######.##.... .
#.##.##.##.....).[)...######
. #.##.##.##..#..######## #
. #.##.##.##..#..# #
.#####.##.##........# #
........(.o.(.(o@#.## #
#.####.##.#####.##.# #
....##.##.#####.##.# #
#.#§##.............. .
..(§§§..............
#.#o###.#.#####.....# ....#
#.#.# #####.# #.### #.#.# .#
#>#####.#.#


You could see an orc priest and an orc.

Vanquished Creatures
  3 adders (D:2)
  4 gnolls
  A giant mite (D:2)
  An ooze (D:3)
  4 orcs (D:3)
  2 ball pythons (D:1)
  7 giant cockroaches
  6 hobgoblins
  2 quokkas (D:2)
  3 bats (D:2)
  2 giant geckos
  5 giant newts
  2 goblins (D:1)
  2 jackals (D:2)
  6 kobolds
  4 rats
54 creatures vanquished.

Notes
Turn   | Place    | Note
--------------------------------------------------------------
     0 | D:1      | dngmouse, the Spriggan Arcane Marksman, began the quest for the Orb.
     0 | D:1      | Reached XP level 1. HP: 9/9 MP: 3/3
   186 | D:1      | Reached XP level 2. HP: 6/14 MP: 3/5
   379 | D:1      | Reached skill level 4 in Hexes
   571 | D:1      | Reached skill level 1 in Fighting
   903 | D:2      | Reached XP level 3. HP: 15/18 MP: 4/7
  1126 | D:2      | Learned a level 3 spell: Inner Flame
  1502 | D:2      | Reached XP level 4. HP: 9/22 MP: 10/10
  2226 | D:3      | Killed from afar by an orc priest

Action                   |  1- 3 |  4- 6 || total
-------------------------+-------+-------++-------
Melee: Dagger            |    19 |       ||    19
 Fire: Bow               |   119 |    83 ||   202
 Cast: Corona            |    19 |    19 ||    38
       Inner Flame       |       |     3 ||     3
